 Dungeon Crawl Stone Soup version 0.21-a0-203-gb066a6e (webtiles) character file.

1653275 motkurip the Hoplite (level 26, 183/239 HPs)
             Began as a White Draconian Artificer on Aug 18, 2017.
             Was a High Priest of Nemelex Xobeh.
             Escaped with the Orb
             ... and 3 runes on Aug 19, 2017!
             The game lasted 04:28:24 (70304 turns).

motkurip the Hoplite (White Draconian Artificer)   Turns: 70304, Time: 04:28:25

Health: 183/239    AC: 22    Str: 21    XL:     26   Next: 27%
Magic:  35/35      EV: 26    Int: 12    God:    Nemelex Xobeh [*****.]
Gold:   2243       SH: 33    Dex: 17    Spells: 13/25 levels left

rFire    + + .     SeeInvis .   b - +9 demon blade (freeze)
rCold    + + .     Gourm    .   c - +8 large shield
rNeg     + . .     Faith    .   (armour unavailable)
rPois    .         Spirit   .   (helmet restricted)
rElec    .         Reflect  .   P - +2 cloak {+Inv}
rCorr    .         Harm     .   M - +3 pair of gauntlets of War {Slay+5}
MR       ++...     Clarity  +   p - +2 pair of boots {Fly}
Stlth    ++........             a - amulet of regeneration
HPRegen  0.89/turn              j - ring of the Leaf {rF+ rN+ Int+2}
MPRegen  0.24/turn              Z - ring "Nanij" {rF+ rC+ MR+}

@: flying
A: breathe frost, unfitting armour, stinger 1, clarity, cold resistance 1, dopey
1, mutation resistance 1, cold-blooded, AC +12
0: Orb of Zot
}: 3/15 runes: decaying, serpentine, slimy
a: Breathe Frost, Triple Draw, Deal Four, Stack Five, Renounce Religion, Evoke
Invisibility, Stop Flying


You escaped.
You worshipped Nemelex Xobeh.
Nemelex Xobeh was extremely pleased with you.
You were full.

You visited 10 branches of the dungeon, and saw 53 of its levels.
You visited the Abyss 1 time.
You also visited: Labyrinth, Ossuary, Ice Cave and Wizlab.

You collected 6813 gold pieces.
You spent 4570 gold pieces at shops.

Inventory:

Hand Weapons
 b - a +9 demon blade of freezing (weapon)
 J - a +7 demon blade of electrocution
Armour
 c - a +8 large shield (worn)
 p - a +2 pair of boots of flying (worn)
 M - the +3 pair of gauntlets of War (worn) {Slay+5}
   (You took it off Nikola on level 1 of the Vaults)

   It affects your accuracy and damage with ranged weapons and melee attacks
   (+5).
 P - a +2 cloak of invisibility (worn)
Jewellery
 a - an amulet of regeneration (around neck)
 j - the ring of the Leaf (left hand) {rF+ rN+ Int+2}
   (You bought it in a shop on level 1 of the Vaults)

   [ring of protection from fire]

   It affects your intelligence (+2).
   It protects you from fire.
   It protects you from negative energy.
 o - an uncursed ring of see invisible
 Q - the ring "Tezoud" {*Corrode +Inv rElec AC+2 Dex+5}
   (You found it in an ice cave)

   [ring of protection]

   It affects your AC (+2).
   It affects your dexterity (+5).
   It insulates you from electricity.
   It lets you turn invisible.
   It may corrode you when you take damage.
 Z - the ring "Nanij" (right hand) {rF+ rC+ MR+}
   (You found it on level 5 of the Pits of Slime)

   [ring of protection from fire]

   It protects you from fire.
   It protects you from cold.
   It affects your resistance to hostile enchantments.
Wands
 A - a wand of clouds (1/9)
 L - a wand of digging (3/24)
 N - a wand of iceblast (6/15)
Scrolls
 d - 2 scrolls of summoning
 e - 3 scrolls of fear
 l - 4 scrolls of recharging
 t - 9 scrolls of fog
 v - 14 scrolls of teleportation
 w - 13 scrolls of identify
 x - 19 scrolls of amnesia
 F - 19 scrolls of remove curse
 O - a scroll of holy word
 R - 5 scrolls of enchant armour
Potions
 n - 4 potions of berserk rage
 q - 8 potions of curing
 r - 3 potions of cancellation
 s - a potion of agility
 u - 4 potions of brilliance
 y - 2 potions of ambrosia
 z - 4 potions of magic
 B - a potion of haste
 G - 5 potions of heal wounds
 K - 3 potions of might
 S - 3 potions of invisibility
 X - 7 potions of mutation
Miscellaneous
 g - a legendary deck of summoning {drawn: 1}
 h - a phial of floods
 i - a legendary deck of summoning {drawn: 7}
 k - a legendary deck of destruction
 m - a legendary deck of destruction {drawn: 8}
 D - 2 phantom mirrors
 I - a legendary deck of escape
 U - a legendary deck of escape {drawn: 9}
 W - an ornate deck of destruction {drawn: 4}
 Y - an ornate deck of summoning {drawn: 5}
Comestibles
 f - 27 bread rations


   Skills:
 + Level 20.0 Fighting
   Level 8.2(14.7) Short Blades
 - Level 18.9(19.3) Long Blades
 + Level 18.3 Dodging
 + Level 11.4 Stealth
 + Level 24.2 Shields
 - Level 3.1 Charms
 - Level 11.2 Necromancy
 - Level 6.4 Ice Magic
 + Level 17.5 Invocations
 - Level 10.0 Evocations


You had 13 spell levels left.
You knew the following spells:

 Your Spells              Type           Power        Failure   Level  Hunger
a - Freeze                Ice            ###.         2%          1    ##.....
b - Blink                 Tloc           N/A          50%         2    ###....
c - Spectral Weapon       Hex/Chrm       #.......     52%         3    ####...
o - Ozocubu's Armour      Chrm/Ice       ##......     16%         3    ####...
r - Regeneration          Chrm/Necr      ###.......   6%          3    ####...


Dungeon Overview and Level Annotations

Branches:
Dungeon (15/15)            Temple (0/1) D:6            Lair (6/6) D:8
  Swamp (4/4) Lair:2        Snake (4/4) Lair:4        Slime (5/5) Lair:6
    Orc (2/2) D:10            Elf (3/3) Orc:2        Vaults (4/5) D:13
  Crypt (0/3) Vaults:2     Depths (5/5) D:15            Zot (5/5) Depths:5

Altars:
Cheibriados
Dithmenos
Elyvilon
Kikubaaqudgha
Makhleb
Nemelex Xobeh
Ru
Trog
Wu Jian
Xom
Zin
Jiyva

Shops:
D:5 (   D:9 (   D:10 :   D:15 :   Orc:2 [*:   Elf:1 ([**?   Snake:2 !}([
Vaults:1 =!?   Vaults:3 [   Depths:2 *

Portals:
Hell: Depths:1 Depths:2 Depths:3 Depths:4 Depths:5
Abyss: Depths:3 Depths:4
Pandemonium: Depths:1 Depths:3
Ziggurat: Depths:3

Annotations:
D:3 Syneil's ghost, amateur MiFi
D:5 1 runed door
D:7 exclusion: downstairs
D:8 exclusion: orange crystal statue
Slime:4 Dissolution
Slime:5 exclusion: 2 upstairs
Zot:2 1 exclusion
Zot:4 1 exclusion


Innate Abilities, Weirdness & Mutations

You can breathe waves of freezing cold.
You can buffet flying creatures when you breathe cold.
Your icy white scales are hard. (AC +12)
You cannot fit into any form of body armour.
Your flesh is cold resistant. (rC+)
You are cold-blooded and may be slowed by cold attacks.
Your tail ends in a poisonous barb.
You possess an exceptional clarity of mind.
You are dopey. (Int -2)
You are somewhat resistant to further mutation.


Message History

You hit the rust devil.
The rust devil is severely wounded.
You block the rust devil's attack.
You slice the rust devil!! You freeze the rust devil.
You kill the rust devil!
No target in view!
No target in view!
There is a stone staircase leading up here.
You fly upwards.
There is a stone staircase leading down here.
You see here a short sword.
Your extra speed is starting to run out.
You feel yourself slow down.
There is an open door here.
There is an open door here.
You see here a dagger.
There is an open door here.
A sun demon comes into view.
There is a staircase leading out of the dungeon here.
You have escaped!

###.....### ###'## ### ###.#
#.........# ♣♣..≈# ####...
#.###.###.# ♣♣...≈# #....#.
#)###.###.###♣<...≈# #..#.#.
#.##...##.#.#♣(...≈#####....#.
#.#.......'.#♣.P.≈≈#'....#####
#.##...##.#.#...≈≈≈#####....#.
#.........###..≈≈≈.# #....#.
#####.##### #@.≈P≈.# ####.#.
#.# #.≈≈P≈># #....
#.#######≈≈PP≈.# #.###
#.##....#≈PP≈≈.# #.#
##.##.####3PP≈..# #.#
##...#.####≈≈≈≈..# #.#
#.........#≈≈≈...### #.#
##...#.##.#≈≈...♣#.## #.#
##.##.##.#≈≈...♣##.####.#


You could see a sun demon.

Vanquished Creatures
  A pandemonium lord (Zot:1)
  4 orbs of fire (Zot:5)
  6 ancient liches (Zot:5)
  Sojobo (Vaults:3)
  2 caustic shrikes (Depths:5)
  3 golden dragons
  A bone dragon (Depths:5)
  4 electric golems
  A hellephant (Zot:1)
  3 tentacled monstrosities
  3 liches
  21 Orb Guardians
  7 quicksilver dragons
  3 deep elf blademasters
  A deep elf master archer (Elf:3)
  25 acid blobs
  A titan (Depths:2)
  2 acid blobs (shapeshifter)
  10 sphinxes
  4 thorn hunters
  4 death cobs
  10 tentacled starspawn (WizLab)
  A shadow dragon (Depths:2)
  6 storm dragons
  A sphinx (shapeshifter) (Depths:4)
  4 draconian monks
  4 nagarajas
  6 tengu reavers
  4 deep elf sorcerers
  12 azure jellies
  A revenant (Vaults:2)
  8 vault wardens
  5 fire giants
  5 draconian scorchers
  Louise (Swamp:1)
  2 ghost moths
  13 frost giants
  2 iron dragons (Depths:4)
  A balrug (Depths:5)
  The ghost of Nattefrost the Fencer, a journeyman NaBe of Trog (Lair:4)
  A draconian knight (Zot:5)
  2 deep elf elementalists (Elf:3)
  9 ironheart preservers
  3 draconian shifters
  A cacodemon (WizLab)
  A ghoul (Vaults:2)
  Aizul (Vaults:1)
  3 draconian stormcallers
  2 draconian annihilators (Zot:5)
  3 war gargoyles
  2 spriggan defenders
  2 stone giants (shapeshifter) (Depths:3)
  A starcursed mass (WizLab)
  4 green draconians
  16 stone giants
  5 vampire knights
  The ghost of tilp the Scorcher, a journeyman HOFE of Vehumet (IceCv)
  An entropy weaver (Vaults:3)
  15 very ugly things
  8 black draconians
  7 deep elf demonologists
  12 deep elf annihilators
  5 purple draconians
  7 white draconians
  5 red draconians
  6 yellow draconians
  3 spark wasps
  A blizzard demon (Zot:1)
  2 merfolk javelineers (Depths:3)
  8 fire dragons
  An ettin (shapeshifter) (Depths:4)
  A spark wasp (shapeshifter) (Vaults:1)
  A merfolk impaler (Depths:3)
  3 deep elf death magi
  12 ettins
  8 death oozes
  4 jiangshi
  8 great orbs of eyes
  A minotaur (Lab)
  10 naga warriors
  A deep elf high priest (Depths:3)
  14 yaktaur captains
  6 rakshasas
  A monstrous demonspawn (Depths:3)
  An ice dragon (shapeshifter) (Depths:4)
  8 ice dragons
  2 vault guards
  10 hydras
  A catoblepas (D:13)
  11 ogre magi
  A spriggan air mage (Depths:5)
  7 anacondas
  7 centaur warriors
  A juggernaut simulacrum (Depths:4)
  6 alligators
  A death knight (Vaults:1)
  33 two-headed ogres
  22 dancing weapons
  A two-headed ogre (shapeshifter) (Depths:4)
  5 tengu warriors
  2 vampire magi
  5 deep troll shamans
  7 shock serpents
  Sonja (Lair:3)
  5 naga sharpshooters
  12 deep troll earth magi
  5 orc high priests
  24 deep elf knights
  3 sun demons
  A hell knight (Vaults:4)
  4 spriggan berserkers
  4 iron trolls
  3 salamander mystics
  A sixfirhy (Zot:1)
  3 unseen horrors
  4 sea snakes
  A skeletal warrior (D:15)
  An orange crystal statue (WizLab)
  A shadow wraith (Vaults:2)
  A wretched star (WizLab)
  A shadow demon (Depths:3)
  An unseen horror (shapeshifter) (Elf:2)
  A naga ritualist (Snake:4)
  8 swamp dragons
  A glowing orange brain (shapeshifter) (Depths:5)
  6 flayed ghosts
  14 glowing orange brains
  A torturous demonspawn (Depths:3)
  20 deep trolls
  3 wizards
  6 orc knights
  2 shambling mangroves
  11 ironbrand convokers
  14 deep elf archers
  3 necromancers
  2 harpies
  9 mana vipers
  2 phantasmal warriors (Depths:2)
  2 shining eyes
  2 wolf spiders
  4 orc sorcerers
  53 deep elf magi
  25 ugly things
  2 shining eyes (shapeshifter) (Depths:4)
  13 salamanders
  11 cyclopes
  An elephant (shapeshifter) (Depths:2)
  6 moths of wrath
  28 black mambas
  Joseph (D:8)
  2 rust devils
  13 elephants
  Maurice (D:8)
  A guardian serpent (Snake:4)
  A guardian serpent (shapeshifter) (Vaults:1)
  A torpor snail (Lair:4)
  A smoke demon (Depths:3)
  22 naga magi
  10 vault sentinels
  20 spiny frogs
  7 eyes of devastation
  2 ice statues (IceCv)
  3 rime drakes
  A rime drake (shapeshifter) (Vaults:1)
  A spriggan zombie (Depths:3)
  35 yaktaurs
  2 spriggan skeletons (Depths:2)
  5 freezing wraiths
  An ice devil (D:11)
  A golden dragon simulacrum (Depths:2)
  2 hellwings
  6 komodo dragons
  A wandering mushroom (Lair:5)
  A merfolk (shapeshifter) (Depths:5)
  10 hornets
  2 polar bears (Lair:3)
  2 tengu conjurers
  9 tyrant leeches
  10 trolls
  18 blink frogs
  A queen bee (Lair:6)
  A jumping spider (shapeshifter) (D:14)
  A hippogriff (shapeshifter) (Vaults:3)
  4 bog bodies
  12 hippogriffs
  99 slime creatures
  2 meliai zombies (D:14)
  A spriggan (shapeshifter) (Depths:4)
  An air elemental (Elf:3)
  5 spriggans (Swamp:1)
  5 water elementals
  4 redbacks (Vaults:3)
  33 orc warriors
  A redback (shapeshifter) (Depths:5)
  3 wyverns
  2 shadows
  2 fire elementals
  43 yaks
  4 wraiths
  2 basilisks
  9 golden eyes
  2 hogs
  Grum (D:10)
  23 vampire mosquitoes
  2 hungry ghosts
  3 neqoxecs
  Menkaure (D:5)
  A large abomination (Abyss:1)
  2 harpy simulacra (Depths:4)
  20 swamp worms
  28 nagas
  A soldier ant (Snake:4)
  6 insubstantial wisps
  7 wargs
  11 water moccasins
  A floating eye (Lair:3)
  A soldier ant (shapeshifter) (Depths:2)
  3 acid dragons
  10 porcupines
  2 black bears (D:9)
  9 swamp drakes
  12 ice beasts
  3 sky beasts
  A black bear (shapeshifter) (Vaults:2)
  A hornet zombie (Ossuary)
  2 phantoms
  8 eyes of draining
  41 ogres
  13 boggarts
  A centaur (shapeshifter) (Depths:4)
  18 wolves
  14 centaurs
  A human zombie (Vaults:1)
  6 crocodiles
  3 big kobolds
  A yaktaur zombie (Vaults:1)
  A human skeleton (Vaults:1)
  21 bullfrogs
  A water moccasin zombie (D:8)
  4 earth elementals
  3 scorpions
  3 killer bees (D:9)
  10 wights
  A howler monkey (D:10)
  An electric eel (Lair:6)
  7 crimson imps
  2 quasits
  5 centaur zombies
  3 bullfrog zombies
  10 jellies
  11 hounds
  19 orc wizards
  23 orc priests
  4 centaur skeletons
  A bullfrog skeleton (D:9)
  7 iguanas
  2 iron imps
  18 worker ants
  2 killer bee zombies
  2 hound zombies (Ossuary)
  A hound skeleton (D:4)
  9 mummies (Ossuary)
  A howler monkey zombie (D:9)
  3 worker ant zombies
  7 gnolls
  12 adders
  A river rat (Orc:2)
  5 shadow imps
  2 white imps
  3 ufetubi
  6 oozes
  2 adder zombies (Ossuary)
  An adder skeleton (D:5)
  A worm (D:4)
  3 dart slugs (D:1)
  4 leopard geckos
  66 orcs
  5 giant cockroaches
  4 goblins
  8 hobgoblins
  6 jackals (D:3)
  7 quokkas
  6 bats
  3 frilled lizards
  A jackal skeleton (D:8)
  A jackal zombie (Ossuary)
  16 kobolds
  A leopard gecko skeleton (D:4)
  A leopard gecko zombie (D:7)
  A quokka zombie (Ossuary)
  4 rats
  2 fungi (Lair:5)
  8 plants
  5 starspawn tentacles (WizLab)
1912 creatures vanquished.

Vanquished Creatures (collateral kills)
  the Royal Jelly (Slime:5)
  Bai Suzhen (Swamp:4)
  Saint Roka (Vaults:3)
  the Lernaean hydra (Swamp:4)
  2 caustic shrikes (Depths:5)
  Nikola (Vaults:1)
  A golden dragon (Zot:5)
  The ghost of Azzok the Tortoise, an adept HOFi of Okawaru (Snake:4)
  An Orb Guardian (Zot:5)
  Rupert (D:13)
  A moon troll (WizLab)
  A deep elf master archer (Elf:3)
  2 acid blobs (Slime:5)
  A sphinx (Depths:4)
  Gastronok (Lair:1)
  Agnes (D:15)
  7 nagarajas
  Kirke (D:15)
  A fire giant (Depths:4)
  A deep elf sorcerer (Elf:3)
  An iron dragon (Depths:4)
  An azure jelly (Vaults:1)
  A deep elf elementalist (Elf:3)
  2 orc warlords (Orc:2)
  A spriggan defender (Depths:3)
  An emperor scorpion (Elf:3)
  3 very ugly things
  A deep elf annihilator (Elf:3)
  2 deep elf death magi (Elf:3)
  A crystal guardian (Depths:4)
  2 ettins
  A yaktaur captain (Depths:3)
  4 death oozes (Slime:5)
  2 great orbs of eyes
  9 naga warriors
  A rakshasa (Depths:1)
  2 ice dragons
  9 hydras
  A vault guard (Vaults:2)
  A catoblepas (D:15)
  A ghost crab (Swamp:4)
  A centaur warrior (Depths:4)
  A death knight (D:15)
  A two-headed ogre (Vaults:1)
  An alligator (Swamp:4)
  2 death yaks (Lair:4)
  2 deep troll shamans
  3 deep troll earth magi
  2 dancing weapons
  An orc high priest (Orc:1)
  A shock serpent (Snake:4)
  9 naga sharpshooters
  3 spriggans
  An iron troll (Depths:5)
  A large abomination (Elf:3)
  A spriggan druid (Swamp:4)
  2 sea snakes (Snake:4)
  2 deep trolls (Depths:5)
  3 naga ritualists
  An ironbrand convoker (Vaults:3)
  7 swamp dragons
  2 shambling mangroves
  4 orc knights
  A wizard (Depths:3)
  2 orc sorcerers
  A deep elf mage (Elf:1)
  5 ugly things
  A cyclops (Vaults:1)
  A wolf spider (Vaults:3)
  2 mana vipers
  2 oklob plants (Lair:5)
  A salamander (Snake:2)
  An elephant (shapeshifter) (D:15)
  A moth of wrath (Zot:5)
  8 black mambas
  10 naga magi
  An elephant (D:8)
  5 spiny frogs
  3 komodo dragons
  2 freezing wraiths (D:15)
  2 yaktaurs
  An efreet (Depths:4)
  A troll (Orc:1)
  A merfolk (D:9)
  2 tyrant leeches
  4 hornets
  3 polar bears
  12 slime creatures
  3 blink frogs
  2 bog bodies (Swamp:4)
  2 hippogriffs
  A wraith (D:15)
  A shadow (Swamp:2)
  A water elemental (Orc:2)
  5 yaks
  A basilisk (D:8)
  8 vampire mosquitoes
  10 insubstantial wisps
  A swamp worm (Swamp:1)
  24 nagas
  A porcupine (Lair:4)
  5 water moccasins
  3 swamp drakes
  8 orc warriors (Orc:2)
  5 ice beasts (IceCv)
  A necrophage (D:10)
  3 wolves (Lair:2)
  An ogre (D:14)
  An eye of draining (Slime:5)
  A centaur (D:7)
  A crocodile (Lair:1)
  A bullfrog (D:8)
  2 electric eels (Elf:1)
  A howler monkey (D:9)
  A crimson imp (D:10)
  4 jellies (Lair:3)
  5 orc priests
  6 orc wizards
  A hound zombie (Ossuary)
  11 orcs
  2 mummies (Ossuary)
  3 gnolls (D:9)
  12 white imps (Lair:5)
  8 oozes (Lair:3)
  A plant (Lair:6)
  A starspawn tentacle (WizLab)
347 creatures vanquished.

Vanquished Creatures (others)
  A ghost moth (Zot:5)
  An ironheart preserver (Vaults:3)
  A hydra (Lair:4)
  2 dancing weapons (Elf:2)
  A centaur warrior (Vaults:1)
  A tengu warrior (Depths:5)
  2 deep elf knights (Elf:2)
  2 deep elf magi (Elf:2)
  A harpy (Lair:6)
  An ugly thing (Vaults:1)
  A moth of wrath (Zot:5)
  A stone giant skeleton (Depths:2)
  A black mamba (Lair:3)
  A spiny frog (Lair:6)
  A komodo dragon (Lair:4)
  A yaktaur (Vaults:3)
  A rime drake (Lair:6)
  A queen bee (Lair:6)
  A polar bear (Lair:6)
  A hornet (Lair:6)
  A blink frog (Lair:6)
  3 humans (D:15)
  2 yaks (Lair:4)
  4 vampire mosquitoes
  A golden eye (Lair:6)
  A steam dragon (Lair:6)
  4 insubstantial wisps (Swamp:4)
  A naga (IceCv)
  A water moccasin (Lair:4)
  An acid dragon (Lair:6)
  2 swamp drakes (Swamp:4)
  An eye of draining (Lair:6)
  A boggart (Depths:1)
  A crocodile (Lair:6)
  2 bullfrogs (Lair:6)
  A howler monkey (Vaults:3)
  2 orc priests
  2 orc wizards
  A worker ant (D:10)
  6 ball lightnings
  An orc (D:4)
  A briar patch (Swamp:2)
  15 fungi
  43 plants
  21 starspawn tentacles (WizLab)
  2 withered plants (Ossuary)
144 creatures vanquished.

Grand Total: 2403 creatures vanquished

Notes
Turn   | Place    | Note
-------+----------+-------------------------------------------
     0 | D:1      | motkurip the Draconian Artificer began the quest for the Orb.
     0 | D:1      | Reached XP level 1. HP: 16/16 MP: 3/3
    34 | D:1      | Reached skill level 1 in Stealth
   358 | D:1      | Reached XP level 2. HP: 22/24 MP: 4/4
  1313 | D:1      | Reached XP level 3. HP: 30/30 MP: 5/5
  1812 | D:2      | Found a white marble altar of Elyvilon.
  1921 | D:2      | Found a sparkling altar of Nemelex Xobeh.
  2050 | D:2      | Reached XP level 4. HP: 33/38 MP: 6/6
  2548 | D:3      | Noticed Syneil's ghost (amateur MiFi)
  3221 | D:3      | Reached XP level 5. HP: 36/45 MP: 7/7
  3429 | D:4      | Noticed an ogre
  3465 | D:4      | Killed an ogre
  3867 | D:4      | Found a sand-covered staircase.
  3874 | Ossuary  | Entered an ossuary
  3943 | Ossuary  | Reached XP level 6. HP: 44/53 MP: 8/8
  4078 | Ossuary  | Reached skill level 5 in Fighting
  4258 | Ossuary  | Reached skill level 5 in Dodging
  4299 | Ossuary  | Your scales start taking on an icy white colour.
  4299 | Ossuary  | Reached XP level 7. HP: 30/61 MP: 9/9
  4299 | Ossuary  | Gained mutation: Your flesh is cold resistant. (rC+) [White Draconian growth]
  5328 | D:4      | Found an ornate altar of the Wu Jian Council.
  5452 | D:4      | Found a glowing silver altar of Zin.
  5595 | D:4      | Reached XP level 8. HP: 71/71 MP: 10/10
  5711 | D:5      | Entered Level 5 of the Dungeon
  5934 | D:5      | Found a sparkling altar of Nemelex Xobeh.
  5947 | D:5      | Found Obylaaf's Weapon Boutique.
  5968 | D:5      | Found a runed door.
  6273 | D:5      | Noticed Menkaure
  6287 | D:5      | Killed Menkaure
  6699 | D:5      | Became a worshipper of Nemelex Xobeh the Trickster
  6716 | D:6      | Found a staircase to the Ecumenical Temple.
  6963 | D:6      | Received a gift from Nemelex Xobeh
  7610 | D:7      | Noticed a hippogriff
  7635 | D:7      | Killed a hippogriff
  7765 | D:7      | Reached skill level 5 in Short Blades
  7818 | D:7      | Reached XP level 9. HP: 50/81 MP: 12/12
  8067 | D:7      | Found a snail-covered altar of Cheibriados.
  8157 | D:7      | Reached skill level 1 in Shields
  8169 | D:7      | Reached * piety under Nemelex Xobeh
  8294 | D:8      | Noticed a two-headed ogre
  8332 | D:7      | Killed a two-headed ogre
  8332 | D:7      | Reached skill level 4 in Shields
  8376 | D:8      | Noticed Maurice
  8376 | D:8      | Found a staircase to the Lair.
  8376 | D:8      | Noticed an elephant
  8441 | D:8      | Killed an elephant
  8682 | D:8      | Killed Maurice
  8682 | D:8      | Reached skill level 1 in Invocations
  8682 | D:8      | Reached XP level 10. HP: 79/91 MP: 13/13
  8707 | D:8      | Noticed Joseph
  8734 | D:8      | Killed Joseph
  8804 | D:8      | Found a shimmering altar of Xom.
  8805 | D:8      | Found an ancient bone altar of Kikubaaqudgha.
  8956 | D:8      | Received a gift from Nemelex Xobeh
  9093 | D:8      | Noticed an orange crystal statue
  9350 | D:9      | Found a shadowy altar of Dithmenos.
  9550 | D:9      | Reached skill level 5 in Evocations
  9586 | D:9      | Reached ** piety under Nemelex Xobeh
  9727 | D:9      | Received a gift from Nemelex Xobeh
  9994 | D:9      | You fall through a shaft for 2 floors!
 10174 | D:11     | Noticed a two-headed ogre
 10192 | D:10     | Entered Level 10 of the Dungeon
 10196 | D:10     | Killed a two-headed ogre
 10546 | D:10     | Reached skill level 10 in Fighting
 10560 | D:10     | Received a gift from Nemelex Xobeh
 10560 | D:10     | Received a gift from Nemelex Xobeh
 10618 | D:10     | Noticed a two-headed ogre
 10647 | D:10     | Killed a two-headed ogre
 10647 | D:10     | Reached XP level 11. HP: 88/99 MP: 15/15
 10691 | D:10     | Noticed Grum
 10727 | D:10     | Killed Grum
 11032 | D:10     | Found a staircase to the Orcish Mines.
 11096 | D:10     | Found a bloodstained altar of Trog.
 11126 | D:10     | Reached *** piety under Nemelex Xobeh
 11165 | D:10     | Noticed a two-headed ogre
 11190 | D:10     | Killed a two-headed ogre
 11269 | D:10     | Found Xoikhlupo's Book Shop.
 11404 | D:10     | Bought a book of Frost for 385 gold pieces
 11410 | D:10     | Learned a level 3 spell: Ozocubu's Armour
 11578 | D:9      | Reached skill level 5 in Invocations
 11899 | D:9      | Reached skill level 1 in Ice Magic
 11915 | D:9      | Reached skill level 1 in Charms
 12034 | D:9      | Found Vasiq's Antique Weapon Emporium.
 12312 | Lair:1   | Entered Level 1 of the Lair of Beasts
 12312 | Lair:1   | Received a gift from Nemelex Xobeh
 12349 | Lair:1   | Noticed Gastronok
 12375 | Lair:1   | Killed Gastronok
 13130 | Lair:2   | Received a gift from Nemelex Xobeh
 13246 | Lair:2   | Reached **** piety under Nemelex Xobeh
 13281 | Lair:2   | Received a gift from Nemelex Xobeh
 13785 | Lair:2   | Reached XP level 12. HP: 106/106 MP: 17/17
 13801 | Lair:2   | Found a staircase to the Swamp.
 13809 | Lair:2   | Received a gift from Nemelex Xobeh
 13923 | Lair:2   | Learned a level 1 spell: Freeze
 13954 | Lair:2   | Reached skill level 10 in Dodging
 13976 | Lair:3   | Reached skill level 5 in Ice Magic
 14082 | Lair:3   | Noticed Sonja
 14124 | Lair:3   | Noticed a six-headed hydra
 14132 | Lair:3   | Killed a six-headed hydra
 14150 | Lair:3   | Killed Sonja
 14195 | Lair:3   | Received a gift from Nemelex Xobeh
 14275 | Lair:3   | Reached ***** piety under Nemelex Xobeh
 14906 | Lair:3   | Noticed Nergalle
 14913 | Lair:3   | Noticed Nergalle
 14913 | Lair:3   | Nergalle changed into Nergalle the floating eye
 14914 | Lair:3   | Paralysed by Nergalle for 4 turns
 14915 | Lair:3   | Killed Nergalle the floating eye
 16370 | Lair:4   | Received a gift from Nemelex Xobeh
 16392 | Lair:4   | Noticed a five-headed hydra
 16398 | Lair:4   | Noticed a death yak
 16398 | Lair:4   | Killed a five-headed hydra
 16399 | Lair:4   | Noticed a death yak
 16406 | Lair:4   | Killed a death yak
 16407 | Lair:4   | Killed a death yak
 16446 | Lair:4   | Noticed an eight-headed hydra
 16449 | Lair:4   | Noticed an eight-headed hydra
 16536 | Lair:4   | Reached skill level 10 in Evocations
 16665 | Lair:4   | You fall through a shaft!
 16666 | Lair:5   | Found a frozen archway.
 16711 | IceCv    | Entered an ice cave
 16773 | IceCv    | Reached XP level 13. HP: 89/114 MP: 16/20
 17557 | IceCv    | Noticed tilp's ghost (journeyman HOFE)
 17581 | IceCv    | Killed tilp's ghost
 17885 | IceCv    | Received a gift from Nemelex Xobeh
 17947 | IceCv    | Got a bound wooden ring
 17951 | IceCv    | Got a shimmering lapis lazuli ring
 18116 | IceCv    | Identified the ring "Tezoud" {*Corrode +Inv rElec AC+2 Dex+5} (You found it in an ice cave)
 18118 | IceCv    | Identified the ring of Onudih {*Corrode rC+ Dex+2 Stlth+} (You found it in an ice cave)
 18778 | Lair:5   | Received a gift from Nemelex Xobeh
 19123 | Lair:5   | Reached skill level 1 in Long Blades
 19574 | Lair:4   | Received a gift from Nemelex Xobeh
 19717 | Lair:4   | Noticed Nattefrost's ghost (journeyman NaBe)
 19738 | Lair:4   | Killed Nattefrost's ghost
 19779 | Lair:4   | Found a staircase to the Snake Pit.
 19913 | Lair:4   | Reached skill level 5 in Long Blades
 20130 | Lair:4   | Received a gift from Nemelex Xobeh
 20499 | Orc:1    | Entered Level 1 of the Orcish Mines
 21090 | Orc:2    | Entered Level 2 of the Orcish Mines
 21135 | Orc:2    | Found a staircase to the Elven Halls.
 21689 | Orc:2    | Noticed an orc warlord
 21694 | Orc:2    | Killed an orc warlord
 21697 | Orc:2    | Reached XP level 14. HP: 108/124 MP: 18/21
 21702 | Orc:2    | Received a gift from Nemelex Xobeh
 21936 | Orc:2    | Found Meploune's Antique Armour Boutique.
 21937 | Orc:2    | Found Guvo's Antique Weapon Boutique.
 21938 | Orc:2    | Found Gaesok's General Store.
 21938 | Orc:2    | Found Gulasop's Book Shop.
 21942 | Orc:2    | Bought a scroll of teleportation for 42 gold pieces
 22005 | Orc:2    | Bought a manual of Long Blades for 1545 gold pieces
 22456 | Orc:1    | Noticed an orc warlord
 22492 | Orc:2    | Reached skill level 10 in Long Blades
 22508 | Orc:2    | Killed an orc warlord
 23110 | Lair:6   | Entered Level 6 of the Lair of Beasts
 23139 | Lair:6   | Received a gift from Nemelex Xobeh
 23877 | Lair:6   | Found a viscous altar of Jiyva.
 23877 | Lair:6   | Found a staircase to the Slime Pits.
 24028 | Lair:6   | Reached skill level 15 in Long Blades
 24539 | Lair:6   | Received a gift from Nemelex Xobeh
 25507 | D:11     | Reached XP level 15. HP: 129/129 MP: 18/22
 25649 | D:11     | Received a gift from Nemelex Xobeh
 25806 | D:12     | Reached ****** piety under Nemelex Xobeh
 26011 | D:12     | Reached skill level 10 in Invocations
 26314 | D:13     | Received a gift from Nemelex Xobeh
 26429 | D:13     | Found a sacrificial altar of Ru.
 26430 | D:13     | Noticed Rupert
 26433 | D:13     | Paralysed by Rupert for 5 turns
 26439 | D:13     | Killed Rupert
 26540 | D:13     | Found a gate to the Vaults.
 26884 | D:13     | Found a burning altar of Makhleb.
 27133 | D:13     | Received a gift from Nemelex Xobeh
 27293 | D:14     | Received a gift from Nemelex Xobeh
 27447 | D:14     | Found a labyrinth entrance.
 27476 | Lab      | Entered a labyrinth
 27527 | Lab      | Received a gift from Nemelex Xobeh
 28241 | D:14     | Received a gift from Nemelex Xobeh
 28761 | D:15     | Entered Level 15 of the Dungeon
 28801 | D:15     | Noticed Kirke
 28817 | D:15     | Killed Kirke
 28958 | D:15     | Received a gift from Nemelex Xobeh
 29187 | D:15     | Found Korud's Book Shop.
 29234 | D:15     | Received a gift from Nemelex Xobeh
 29346 | D:15     | Found a white marble altar of Elyvilon.
 29392 | D:15     | Noticed Agnes
 29396 | D:15     | Cast into level 1 of the Abyss (drawing a card)
 29682 | D:15     | Escaped the Abyss
 29687 | D:15     | Killed Agnes
 30154 | D:15     | Found a staircase to the Depths.
 30602 | Snake:1  | Entered Level 1 of the Snake Pit
 31418 | Snake:1  | Received a gift from Nemelex Xobeh
 31434 | Snake:1  | Reached XP level 16. HP: 128/139 MP: 22/25
 31598 | Snake:2  | Found Fosm's Antique Armour Shoppe.
 31602 | Snake:2  | Found Hoanotey's Weapon Shoppe.
 31602 | Snake:2  | Found Meulur's Distillery.
 31606 | Snake:2  | Found Vonidd's Gadget Shoppe.
 31608 | Snake:2  | Bought a pair of glowing gloves for 270 gold pieces
 31631 | Snake:2  | Bought a potion of haste for 200 gold pieces
 31631 | Snake:2  | Bought a potion of might for 80 gold pieces
 31701 | Snake:2  | Received a gift from Nemelex Xobeh
 32430 | Snake:2  | Reached skill level 5 in Shields
 33178 | Snake:2  | Received a gift from Nemelex Xobeh
 33339 | Snake:3  | Reached skill level 6 in Shields
 33911 | Snake:3  | Reached skill level 7 in Shields
 34523 | Snake:3  | Received a gift from Nemelex Xobeh
 35513 | Snake:3  | Reached skill level 8 in Shields
 35725 | Snake:4  | Entered Level 4 of the Snake Pit
 36107 | Snake:4  | Reached skill level 9 in Shields
 36293 | Snake:4  | Received a gift from Nemelex Xobeh
 36945 | Snake:4  | Noticed Azzok's ghost (adept HOFi)
 36957 | Snake:4  | Killed Azzok's ghost
 37189 | Snake:4  | Received a gift from Nemelex Xobeh
 37278 | Snake:3  | Reached skill level 10 in Shields
 37404 | Swamp:1  | Entered Level 1 of the Swamp
 37951 | Swamp:1  | Noticed Louise
 37962 | Swamp:1  | Killed Louise
 37985 | Swamp:1  | Received a gift from Nemelex Xobeh
 38082 | Swamp:1  | Learned a level 2 spell: Blink
 38166 | Swamp:1  | Reached XP level 17. HP: 150/150 MP: 26/26
 38286 | Swamp:1  | Paralysed by a hornet for 2 turns
 38634 | Swamp:1  | Reached skill level 11 in Shields
 39375 | Swamp:2  | Received a gift from Nemelex Xobeh
 40303 | Swamp:2  | Reached skill level 12 in Shields
 40502 | Swamp:3  | Received a gift from Nemelex Xobeh
 41141 | Swamp:4  | Entered Level 4 of the Swamp
 41206 | Swamp:4  | Received a gift from Nemelex Xobeh
 41368 | Swamp:4  | Reached skill level 13 in Shields
 41514 | Swamp:4  | Noticed Bai Suzhen
 41674 | Swamp:4  | Killed Bai Suzhen
 42015 | Swamp:4  | Noticed the 27-headed Lernaean hydra
 42023 | Swamp:4  | Killed the 27-headed Lernaean hydra
 42023 | Swamp:4  | Reached skill level 14 in Shields
 42749 | Swamp:4  | Got a decaying rune of Zot
 43166 | Snake:4  | Received a gift from Nemelex Xobeh
 43618 | Snake:4  | Reached skill level 15 in Shields
 43675 | Snake:4  | Reached XP level 18. HP: 79/158 MP: 27/27
 43946 | Snake:4  | Got a serpentine rune of Zot
 44604 | Vaults:1 | Entered Level 1 of the Vaults
 44609 | Vaults:1 | Reached skill level 16 in Shields
 44749 | Vaults:1 | Noticed Nikola
 44764 | Vaults:1 | Noticed Asterion
 44773 | Vaults:1 | Killed Nikola
 44774 | Vaults:1 | Noticed Asterion
 44774 | Vaults:1 | Asterion changed into Asterion the azure jelly
 44779 | Vaults:1 | Killed Asterion the azure jelly
 44861 | Vaults:1 | Upgraded the game from 0.21-a0-201-g8501b10 to 0.21-a0-203-gb066a6e
 45240 | Vaults:1 | Noticed Aizul
 45254 | Vaults:1 | Killed Aizul
 45262 | Vaults:1 | Received a gift from Nemelex Xobeh
 45300 | Vaults:1 | Reached skill level 17 in Shields
 45914 | Vaults:1 | Received a gift from Nemelex Xobeh
 45917 | Vaults:1 | Found Dorij's Distillery.
 45943 | Vaults:1 | Bought a potion of agility for 44 gold pieces
 45943 | Vaults:1 | Bought a potion of curing for 33 gold pieces
 45943 | Vaults:1 | Bought a potion of heal wounds for 55 gold pieces
 45943 | Vaults:1 | Bought a potion of might for 44 gold pieces
 45951 | Vaults:1 | Found Dolalos's Magic Scroll Shoppe.
 45960 | Vaults:1 | Bought a scroll of summoning for 114 gold pieces
 45960 | Vaults:1 | Bought a scroll of blinking for 90 gold pieces
 45960 | Vaults:1 | Bought a scroll of teleportation for 36 gold pieces
 45960 | Vaults:1 | Bought a scroll of teleportation for 36 gold pieces
 45960 | Vaults:1 | Bought a scroll of identify for 24 gold pieces
 45972 | Vaults:1 | Found Ukewaq's Jewellery Shoppe.
 45993 | Vaults:1 | Bought the ring of the Leaf {rF+ rN+ Int+2} for 767 gold pieces
 46092 | Vaults:2 | Reached skill level 18 in Shields
 46163 | Vaults:2 | Paralysed by a vampire knight for 7 turns
 46204 | Vaults:2 | Found a staircase to the Crypt.
 46351 | Vaults:2 | Reached XP level 19. HP: 118/165 MP: 28/28
 46412 | Vaults:2 | Reached skill level 19 in Shields
 47188 | Vaults:2 | Received a gift from Nemelex Xobeh
 47515 | Vaults:3 | Found Yrphugis's Antique Armour Emporium.
 47665 | Vaults:3 | Noticed Saint Roka
 47690 | Vaults:3 | Killed Saint Roka
 47847 | Vaults:3 | Reached skill level 20 in Shields
 48083 | Vaults:3 | Paralysed by an ogre mage for 7 turns
 48434 | Vaults:3 | Noticed a Tzitzimitl
 49268 | Vaults:3 | Received a gift from Nemelex Xobeh
 49456 | Vaults:3 | Noticed Sojobo
 49496 | Vaults:3 | Killed Sojobo
 49584 | Vaults:3 | Reached XP level 20. HP: 117/173 MP: 29/29
 49855 | Vaults:4 | Reached skill level 21 in Shields
 50000 | Vaults:4 | Paralysed by a hornet for 1 turns
 50060 | Vaults:4 | Received a gift from Nemelex Xobeh
 50281 | Vaults:4 | Received a gift from Nemelex Xobeh
 50511 | Vaults:4 | Received a gift from Nemelex Xobeh
 51143 | Depths:1 | Entered Level 1 of the Depths
 51409 | Depths:1 | Found a gateway to Hell.
 51409 | Depths:1 | Received a gift from Nemelex Xobeh
 51438 | Depths:1 | Found a one-way gate leading to the halls of Pandemonium.
 52341 | Depths:2 | Found a sparkling altar of Nemelex Xobeh.
 52414 | Depths:2 | Found Jurcha's Assorted Antiques.
 52417 | Depths:2 | Bought a potion of haste for 250 gold pieces
 52906 | Depths:2 | Reached skill level 15 in Fighting
 53160 | Depths:3 | Found a magical portal.
 53165 | WizLab   | Entered Lehudib's Moon Base
 53211 | WizLab   | Received a gift from Nemelex Xobeh
 53262 | WizLab   | Reached XP level 21. HP: 153/184 MP: 28/30
 53308 | WizLab   | Gained mutation: Your tail ends in a poisonous barb. [mutagenic meat]
 53312 | WizLab   | Gained mutation: You are somewhat resistant to further mutation. [mutagenic meat]
 53318 | WizLab   | Gained mutation: You possess an exceptional clarity of mind. [mutagenic meat]
 54068 | WizLab   | Found a transporter.
 54218 | WizLab   | Received a gift from Nemelex Xobeh
 54240 | WizLab   | Gained mutation: You are dopey. (Int -2) [a cacodemon]
 54507 | WizLab   | Found a transporter.
 54521 | WizLab   | Learned a level 3 spell: Regeneration
 54562 | Depths:3 | Found a one-way gate to the infinite horrors of the Abyss.
 54605 | Depths:3 | Reached skill level 1 in Necromancy
 54626 | Depths:3 | Found a gateway to a ziggurat.
 55150 | Depths:3 | Reached skill level 15 in Dodging
 55444 | Depths:3 | Identified Ocsagay's Guide on the Volcanoes and Confrontation
 55447 | Depths:3 | Identified the Disquisition on Destructive Feathers
 55466 | Depths:3 | Noticed a golden dragon
 55486 | Depths:3 | Killed a golden dragon
 55520 | Depths:3 | Reached skill level 22 in Shields
 55555 | Depths:3 | Reached skill level 5 in Necromancy
 55839 | Depths:3 | Received a gift from Nemelex Xobeh
 55933 | Depths:3 | Reached XP level 22. HP: 174/195 MP: 31/31
 56041 | Depths:3 | Learned a level 3 spell: Spectral Weapon
 56876 | Depths:4 | Noticed a caustic shrike
 56876 | Depths:4 | a fire giant changed into a caustic shrike
 56879 | Depths:4 | a caustic shrike changed into a quicksilver dragon
 57370 | Depths:4 | Received a gift from Nemelex Xobeh
 57797 | Depths:5 | Entered Level 5 of the Depths
 57797 | Depths:5 | Received a gift from Nemelex Xobeh
 58047 | Depths:5 | Noticed a caustic shrike
 58054 | Depths:5 | Noticed a caustic shrike
 58055 | Depths:5 | Killed a caustic shrike
 58062 | Depths:5 | Noticed a caustic shrike
 58064 | Depths:5 | Noticed a caustic shrike
 58069 | Depths:5 | Killed a caustic shrike
 58082 | Depths:5 | Killed a caustic shrike
 58082 | Depths:5 | Reached skill level 10 in Necromancy
 58085 | Depths:5 | Killed a caustic shrike
 58343 | Depths:5 | Reached XP level 23. HP: 196/205 MP: 31/33
 58459 | Depths:5 | Found a gate to the Realm of Zot.
 58843 | Depths:5 | Received a gift from Nemelex Xobeh
 59294 | Elf:1    | Entered Level 1 of the Elven Halls
 59612 | Elf:1    | Found Bamiur's Weapon Boutique.
 59752 | Elf:1    | Received a gift from Nemelex Xobeh
 59924 | Elf:1    | Found Joun's Assorted Antiques.
 59927 | Elf:1    | Found Zoewuow's Magic Scroll Emporium.
 59927 | Elf:1    | Found Puodghyn's Antique Armour Shoppe.
 59931 | Elf:1    | Found Bainabox's General Store.
 59954 | Elf:1    | Bought a scroll of enchant weapon for 120 gold pieces
 59954 | Elf:1    | Bought a scroll of summoning for 152 gold pieces
 59957 | Elf:1    | Bought a potion of agility for 52 gold pieces
 59963 | Elf:1    | Bought a scroll of enchant weapon for 165 gold pieces
 59963 | Elf:1    | Bought a scroll of teleportation for 66 gold pieces
 60429 | Elf:2    | Found a runed gate.
 60429 | Elf:2    | Found a runed gate.
 60429 | Elf:2    | Found a runed gate.
 60990 | Elf:2    | Received a gift from Nemelex Xobeh
 61172 | Elf:3    | Entered Level 3 of the Elven Halls
 61512 | Elf:3    | Received a gift from Nemelex Xobeh
 62004 | Elf:3    | Reached skill level 5 in Stealth
 62240 | Elf:3    | Reached XP level 24. HP: 192/216 MP: 33/33
 62336 | Elf:3    | Received a gift from Nemelex Xobeh
 62370 | Elf:3    | Identified Sif Muna's Catalogue of Boosts and the Frostbite
 62685 | Slime:1  | Entered Level 1 of the Pits of Slime
 62913 | Lair:6   | Reached skill level 23 in Shields
 63482 | Slime:3  | Found a viscous altar of Jiyva.
 63565 | Slime:3  | Reached skill level 15 in Invocations
 64142 | Slime:4  | Received a gift from Nemelex Xobeh
 64157 | Slime:5  | Entered Level 5 of the Pits of Slime
 64457 | Slime:5  | Received a gift from Nemelex Xobeh
 66125 | Slime:4  | Noticed Dissolution
 66248 | Slime:5  | Received a gift from Nemelex Xobeh
 66426 | Slime:5  | Found a viscous altar of Jiyva.
 66430 | Slime:5  | Noticed the Royal Jelly
 66486 | Slime:5  | Killed the Royal Jelly
 66540 | Slime:5  | Got a smoking steel ring
 66543 | Slime:5  | Identified the ring "Mozeci" {Ice Dex+2} (You found it on level 5 of the Pits of Slime)
 66576 | Slime:5  | Got a slimy rune of Zot
 66625 | Slime:5  | Got a clouded granite ring
 66626 | Slime:5  | Identified the ring "Nanij" {rF+ rC+ MR+} (You found it on level 5 of the Pits of Slime)
 66704 | Slime:5  | Got a translucent dagger
 66705 | Slime:5  | Identified the cursed +3 dagger of Acloag {drain, *Noise rF+ Stlth+} (You found it on level 5 of the Pits of Slime)
 67158 | Zot:1    | Entered Level 1 of the Realm of Zot
 67729 | Zot:1    | Received a gift from Nemelex Xobeh
 68221 | Zot:4    | Received a gift from Nemelex Xobeh
 68346 | Zot:5    | Entered Level 5 of the Realm of Zot
 68363 | Zot:5    | Reached XP level 25. HP: 226/226 MP: 32/34
 68717 | Zot:5    | Identified the Reference Book on Contamination and Confrontation
 69033 | Zot:5    | Noticed an ancient lich
 69051 | Zot:5    | Noticed an ancient lich
 69059 | Zot:5    | Killed an ancient lich
 69071 | Zot:5    | Killed an ancient lich
 69091 | Zot:5    | Noticed an ancient lich
 69102 | Zot:5    | Killed an ancient lich
 69161 | Zot:5    | Reached skill level 10 in Stealth
 69169 | Zot:5    | Noticed an orb of fire
 69176 | Zot:5    | Noticed an ancient lich
 69181 | Zot:5    | Killed an orb of fire
 69189 | Zot:5    | Noticed an orb of fire
 69189 | Zot:5    | Noticed an ancient lich
 69192 | Zot:5    | Noticed an orb of fire
 69202 | Zot:5    | Received a gift from Nemelex Xobeh
 69289 | Zot:5    | Noticed an ancient lich
 69310 | Zot:5    | Killed an ancient lich
 69389 | Zot:5    | Killed an ancient lich
 69462 | Zot:5    | Killed an ancient lich
 69462 | Zot:5    | Reached skill level 24 in Shields
 69473 | Zot:5    | Killed an orb of fire
 69484 | Zot:5    | Noticed an orb of fire
 69499 | Zot:5    | Killed an orb of fire
 69508 | Zot:5    | Noticed an orb of fire
 69542 | Zot:5    | Killed an orb of fire
 69542 | Zot:5    | Reached XP level 26. HP: 176/238 MP: 35/35
 69627 | Zot:5    | Got the Orb of Zot
 69662 | Zot:5    | Noticed an ancient lich
 69762 | Zot:1    | Noticed Nerraot the pandemonium lord
 69796 | Zot:1    | Killed Nerraot the pandemonium lord
 70222 | D:3      | Noticed Tuelen the pandemonium lord
 70304 | D:$      | Escaped with the Orb!

Vault maps used:
D:1:      tarquinn_simple_flora_water_c
D:2:      elyvilon_altar_3, nemelex_spade_bored_becter
D:4:      nicolae_overflow_crystal_walls, old_standard_altar, first_bread,
          nicolae_ossuary_entry_ruins
D:5:      nemelex_xobeh_ov_fountains_minmay, serial_shops, nicolae_shop_crystal,
          minivault_25, uniq_crazy_yiuf_cottage, uniq_menkaure
D:6:      minmay_temple_entry_from_below_b, glass_columns_a,
          lemuel_another_geyser
D:7:      marbit_many_paths
D:8:      minmay_statue_hallways, gammafunk_temple_overflow_statue,
          david_lair_generic, uniq_joseph, uniq_maurice
D:9:      serial_shops, shop_coins, hangedman_fish_farm,
          nicolae_dithmenos_the_darkroom
D:10:     orc_0_dummy, basic_altar, serial_shops, nicolae_shop_crystal,
          uniq_grum
D:12:     hangedman_abyss_or_decor_slice, minmay_door_square
D:13:     erik_vaults_1, basic_altar, nicolae_ru_awakened_eye, uniq_rupert
D:14:     minivault_25, lab_entry_generic, minmay_liquid_box
D:15:     grunt_enter_depths_snipers, lemuel_tele_altar, serial_shops,
          nicolae_shop_crystal, uniq_kirke, uniq_agnes
Lair:1:   uniq_gastronok
Lair:2:   minmay_swamp_entry_reptiles
Lair:3:   lemuel_slime, cheibrodos_lair_lostbears, uniq_nergalle, uniq_sonja
Lair:4:   minmay_snake_entry_guardpost_small, beast_lair_carwin_6,
          infiniplex_staircase_pool, grunt_megastairs_5
Lair:5:   portal_ice_cave_entry_imps, minmay_lair_oklob_chamber
Lair:6:   minmay_lair_end_frog_pond, dpeg_slime_entry_enclosed_altar
Swamp:1:  serial_swamp_ruin, evilmike_swamp_ruin_house_2,
          evilmike_swamp_ruin_rubble_1, evilmike_swamp_ruin_house_6,
          infiniplex_staircase_pool_2, uniq_louise
Swamp:2:  nicolae_swamp_stair_fork
Swamp:3:  hangedman_swamp_pad
Swamp:4:  swamp_old_school, uniq_bai_suzhen
Snake:1:  lemuel_fruit_tree
Snake:2:  minmay_shop_grid_forest
Snake:4:  snake_pit, serial_bayou_ford_a, grunt_ministairs_6, spider_trap,
          serial_bayou_shore_b
Slime:2:  cheibrodos_slime_lost_civilization_9,
          nicolae_slime_welcoming_committee
Slime:3:  basic_altar, nicolae_slime_phagocytosis
Slime:4:  nicolae_slime_jelly_donut, uniq_dissolution
Orc:2:    st_orc_congregation
Elf:1:    serial_shops, nicolae_shop_statue_plus, minivault_28,
          elves_outpost_lemuel, minmay_shoptagon
Elf:3:    grunt_elf_hall_asides
Vaults:1: hangedman_vaults_hard_town_square, ontoclasm_vaults_hangar, v_misc_19,
          hangedman_vaults_river_flow, v_rooms_1, ontoclasm_vaults_ligature,
          nicolae_vaults_network_star, uniq_nikola, uniq_asterion, uniq_aizul
Vaults:2: hangedman_vaults_corner_blocks, hangedman_vaults_cutoff,
          minmay_crypt_entry_simple_round, v_rooms_4, v_pattern_1, v_misc_29,
          v_misc_12, hangedman_vaults_stagger, vaults_room_hangedman_quadrants,
          nicolae_vaults_theta, vaults_room_pools
Vaults:3: v_misc_8, ontoclasm_vaults_fault, v_alt_pattern_6, v_alt_pattern_3,
          grunt_vaults_twisty, v_misc_29, hangedman_vaults_nails, v_misc_31,
          ontoclasm_vaults_claustrophobia, v_misc_11, serial_shops,
          nicolae_shop_stone, uniq_saint_roka, uniq_sojobo
Vaults:4: nicolae_vaults_bisected_slash, v_misc_1, vaults_room_door_hall,
          kb_rosetta, vaults_dpeg_diagonal, vaults_room_stairs_pillars,
          ontoclasm_vaults_ring_square, v_misc_5,
          nicolae_vaults_diagonal_hallway_6, v_misc_8, nicolae_vaults_rhombus_6,
          nicolae_vaults_yaktaur_gun_rack, vaults_dpeg_encased_lava
Depths:1: hangedman_decor_points, hell_entry, rand_demon_pan_entry_7,
          hangedman_abyss_or_decor_lesser_grid, evilmike_minifort
Depths:2: minmay_two_paths, hangedman_coc_ice_floe, serial_shops,
          kennysheep_mini_moat, nemelex_diamond_rough_becter
Depths:3: minmay_the_grid_square_5x5_3x3, enter_ziggurat_a,
          grunt_pan_entry_spiral, hell_entry, mu_enter_wizlab_2, abyss_entry,
          serial_sigils_hangedman_snap, serial_bayou_shore_a
Depths:4: hangedman_crystal_crosses_colossus, hell_entry, abyss_entry
Depths:5: grunt_crosshair, lightli_too_deep, nrook_mini_backslash,
          grunt_ministairs_9, serial_bayou_shore_b
Zot:1:    hangedman_zot_decor_scrapings, st_stairs_4, zot_minivault_6
Zot:4:    lemuel_draconian_sentries_small, grunt_megastairs_3
Zot:5:    st_stairs_3, hangedman_zot_diagonal_lockstep, basic_stair_grate_trap
Abyss:1:  evilmike_abyss_exit_mutagenic
Ossuary:  ossuary_zaba_flooded
IceCv:    ice_cave_small_dragons
WizLab:   wizlab_lehudib

Skill      XL: |  1  2  3  4  5  6  7  8  9 10 11 12 13 14 15 16 17 18 19 20 21 22 23 24 25 26 |
---------------+-------------------------------------------------------------------------------+-----
Stealth        | 1 5 8 10 11 | 11.4
Dodging        | 2 3 4 5 6 8 9 11 12 13 14 15 16 17 18 | 18.3
Fighting       | 2 3 4 5 6 7 9 10 11 12 13 15 16 17 18 19 20 | 20.0
Short Blades   | 3 5 6 7 8 |  8.2
Evocations     | 4 5 7 10 | 10.0
Shields        | 4 10 15 18 20 21 22 23 24 | 24.2
Invocations    | 1 4 6 8 9 12 13 14 15 17 | 17.5
Ice Magic      | 4 6 |  6.4
Charms         | 3 |  3.1
Long Blades    | 8 15 16 17 18 | 18.9
Necromancy     | 6 10 11 | 11.2

Action                   |  1- 3 |  4- 6 |  7- 9 | 10-12 | 13-15 | 16-18 | 19-21 | 22-24 | 25-27 || total
-------------------------+-------+-------+-------+-------+-------+-------+-------+-------+-------++-------
Melee: Short sword       |    24 |       |       |       |       |       |       |       |       ||    24
       Tailslap          |    21 |    39 |    54 |   182 |   390 |   371 |   494 |   506 |   157 ||  2214
       Dagger            |   150 |   258 |   385 |  1155 |   275 |   121 |       |       |       ||  2344
       Demon blade       |       |       |       |       |  1300 |  1462 |  1847 |  1926 |   560 ||  7095
 Cast: Ozocubu's Armour  |       |       |       |    10 |    97 |    65 |    55 |    29 |     6 ||   262
       Regeneration      |       |       |       |       |       |       |     2 |    27 |    28 ||    57
 Abil: Breathe Frost     |       |       |     6 |     8 |     4 |     1 |       |       |       ||    19
       Evoke Invisibilit |       |       |       |     2 |    12 |     1 |     1 |     3 |       ||    19
Evoke: Wand              |       |    14 |    18 |    18 |    35 |     1 |    11 |     5 |     4 ||   106
       Deck              |       |       |     2 |    55 |    72 |    83 |    37 |    65 |    28 ||   342
  Use: Scroll            |       |     7 |     6 |    10 |    16 |    19 |    10 |    14 |     2 ||    84
       Potion            |       |       |       |       |     5 |    12 |     8 |     5 |    19 ||    49
 Stab: Sleeping          |     3 |     1 |     3 |     1 |     7 |     1 |     3 |    12 |       ||    31
       Paralysed         |       |       |     3 |     9 |    11 |       |       |       |       ||    23
       Distracted        |       |       |       |     3 |    11 |     8 |     7 |     8 |     3 ||    40
       Invisible         |       |       |       |     6 |    32 |     6 |     2 |     9 |       ||    55
       Petrified         |       |       |       |     1 |    13 |    26 |    10 |    23 |       ||    73
       Petrifying        |       |       |       |     1 |     1 |     2 |       |     3 |       ||     7
  Eat: Chunk             |     2 |     4 |    23 |    38 |    47 |    19 |    16 |     5 |     2 ||   156
       Royal jelly       |       |     1 |       |       |     1 |     2 |     4 |     4 |       ||    12
       Meat ration       |       |     1 |       |       |     2 |     7 |     4 |     5 |     1 ||    20
       Fruit             |       |       |       |       |    10 |     7 |    11 |    11 |       ||    39
       Bread ration      |       |       |       |       |       |       |       |     2 |     2 ||     4
Armor: Skin              |    54 |    56 |    81 |   182 |   245 |   199 |   176 |   201 |    43 ||  1237
Dodge: Dodged            |   117 |   183 |   199 |   606 |  1106 |   680 |   437 |   561 |   139 ||  4028
Block: Buckler           |       |       |    30 |   255 |   511 |   127 |       |       |       ||   923
       Large shield      |       |       |       |       |       |  1097 |  1583 |  1827 |   387 ||  4894
       Rpst.: Demon blade |       |       |       |       |   238 |   122 |    62 |    73 |     6 ||   501
